nht, chaotic female elven Wizard -------------- |.>...}.}....| |............| |..&..}.}....-# |}.@.....}...|# ------.-------# # # # # # # ### #----- #|...| #.<..| ----- nht the Evoker Experience level: 1 Strength: 8 Dexterity: 14 Constitution: 13 Intelligence: 20 Wisdom: 11 Charisma: 9 Health: 0(11) Energy: 2(9) Def: 1 Gold: 1053 Moves: 296 Dungeon seed: D2bKtU2u8k8Pgh7r Game ID: nht_1433656634 Your Inventory: Coins $ - 1053 gold pieces Weapons a - a blessed +1 quarterstaff (weapon in hands) Armor e - an uncursed +0 cloak of magic resistance (being worn) Comestibles C - 2 uncursed lembas wafers D - an uncursed food ration Scrolls j - a blessed scroll of identify w - an uncursed scroll of identify x - an uncursed scroll of magic mapping y - an uncursed scroll of earth z - a cursed scroll of identify Spellbooks m - a blessed spellbook of magic missile n - an uncursed spellbook of detect unseen s - a blessed spellbook of blank paper Potions g - 2 uncursed potions of water h - a blessed potion of monster detection u - an uncursed potion of see invisible v - a blessed potion of gain ability A - a potion of unholy water named 1 B - 2 uncursed potions of paralysis Rings c - an uncursed +1 ring of gain strength d - an uncursed ring of cold resistance Wands q - a wand of digging (0:6) Tools b - an uncursed sack i - a blessed magic lamp o - a magic marker (0:76) p - an uncursed wooden harp r - an uncursed tin whistle t - an uncursed towel Contents of the sack: an uncursed worthless piece of white glass Spells known in the end: Name Level Category Fail Memory a - force bolt 1 attack 0% 99% b - magic missile 2 attack 0% 99% c - detect unseen 3 divination 77% 99% d - detect monsters 1 divination 0% 99% Your skills at the end: Fighting Skills Weapon Skills quarterstaff [Basic] Spellcasting Skills attack spells [Basic] enchantment spells [Basic] Final Attributes: You were piously aligned. You were magic-protected. You had infravision. You are dead. Vanquished creatures: 2 jackals a fox a kobold a lichen a kobold zombie a newt 7 creatures vanquished. Voluntary challenges: You went without food. You were an atheist. You used a wielded weapon 8 times, starting on turn 1. You read items or engraved 4 times, starting on turn 86. You never genocided any monsters. You never polymorphed an object. You never changed form. You used no wishes. You never split a pudding. You never wrote Elbereth's name. You never violated your personal moral code. You disabled loading bones files. Dungeon overview: The Dungeons of Doom: levels 1 to 5 Level 1 a long staircase Level 2 a general store Level 3 Level 4 <- You were here Level 5 History has recorded: On T:1 you entered the Dungeons of Doom to retrieve the Amulet of Yendor! On T:114 you reached level 2 of The Dungeons of Doom. On T:150 you reached level 3 of The Dungeons of Doom. On T:256 you reached level 4 of The Dungeons of Doom. On T:287 you reached level 5 of The Dungeons of Doom. Score breakdown: Gold: 1053 (10282 points) Experience: 1 level ( 0 points) Exploration: 5 levels ( 10.42%) ( 8751 points) Discoveries: 4 items ( 1.44%) ( 3605 points) Valuables value: (no points given unless you survive) Artifact value: 0 ( 0 points) Variety of kills: 6 monsters ( 1.58%) ( 3774 points) Time penalty: 296 turns ( 0 points) Survival: died (score multiplied by 80%) Total score: 21129 Latest messages: i - a magic lamp (unpaid, 66 zorkmids). "For you, esteemed lady; only 66 for this magic marker." o - a magic marker (0:76) (unpaid, 66 zorkmids). "For you, good lady; only 1068 for this sack." b - a sack (unpaid, 1068 zorkmids). "For you, esteemed lady; only 13 for this tin whistle." r - a tin whistle (unpaid, 13 zorkmids). "For you, honored lady; only 66 for this towel." t - a towel (unpaid, 66 zorkmids). "For you, good lady; only 66 for this wooden harp." p - an uncursed wooden harp (unpaid, 66 zorkmids). "For you, most gracious lady; only 133 for this clear potion named 1." A - a clear potion named 1 (unpaid, 133 zorkmids). "For you, esteemed lady; only 400 for this potion called gold3." v - a potion called gold3 (unpaid, 400 zorkmids). "For you, good lady; only 88 for this potion called rub5." u - a potion called rub5 (unpaid, 88 zorkmids). "For you, honored lady; only 200 for this potion of monster detection." h - a blessed potion of monster detection (unpaid, 200 zorkmids). "For you, good lady; only 400 per potion of paralysis." Water gushes forth from the overflowing fountain! The fountain dries up! The water demon hits! You die... Final status: Goodbye nht the Wizard, killed by a water demon... You died in The Dungeons of Doom on dungeon level 4 with 21129 points, and 1053 pieces of gold, after 296 moves. You were level 1 with a maximum of 11 hit points when you died.